 Dungeon Crawl Stone Soup version 0.19-b1-4-gd8a0a2a (webtiles) character file.

22 cedor the Skirmisher (level 2, 0/39 HPs)
             Began as a Hill Orc Warper on Oct 30, 2016.
             Succumbed to an adder's poison
             ... on level 1 of the Dungeon.
             The game lasted 00:02:01 (934 turns).

cedor the Skirmisher (Hill Orc Warper)               Turns: 934, Time: 00:02:02

Health: 0/39       AC: 21    Str: 13    XL:     2   Next: 91%
Magic:  3/4        EV:  2    Int: 13    God:
Gold:   120        SH:  0    Dex: 10    Spells: 2 memorised, 0 levels left

rFire  . . .     SeeInvis .     a - +0 hand axe
rCold  . . .     Gourm    .     (armour currently unavailable)
rNeg   + + +     Faith    .     (no shield)
rPois  +         Spirit   .     (helmet currently unavailable)
rElec  .         Reflect  .     (cloak currently unavailable)
rCorr  .         Harm     .     (gloves currently unavailable)
MR     .....     NoTele   +     (boots currently unavailable)
Stlth  +.........               (no amulet)
                                (no ring)
                                (no ring)

@: lethally poisoned (0 -> -11), tree-form
A: no striking features
a: no special abilities


You were on level 1 of the Dungeon.
You were not hungry.
You were a tree.
You visited 1 branch of the dungeon, and saw 1 of its levels.

You collected 120 gold pieces.


   Skills:
 + Level 3.1 Fighting
 + Level 3.0 Axes
 - Level 0.8 Throwing
 + Level 1.7 Armour
 - Level 1.5 Dodging
 + Level 1.8 Spellcasting
 - Level 2.4 Translocations


You couldn't memorise any spells.
You knew the following spells:

 Your Spells              Type           Power        Failure   Level  Hunger
a - Shroud of Golubria    Chrm/Tloc      #.........   24%         2    ###....
b - Blink                 Tloc           N/A          17%         2    ###....

Inventory:

Hand Weapons
 a - a +0 hand axe (weapon)
Missiles
 e - 5 tomahawks of dispersal {=f}
 i - 24 stones (quivered)
 k - 24 sling bullets
Armour
 b - a +0 leather armour (melded)
Scrolls
 d - a scroll of blinking
 g - a scroll of teleportation {unknown}
Potions
 j - a potion of curing {unknown}
Books
 c - a book of Spatial Translocations

   Spells                             Type                      Level
   a - Blink                          Translocation                2
   b - Shroud of Golubria             Charms/Translocation         2
   c - Lesser Beckoning               Translocation                3
   d - Portal Projectile              Translocation                3
   e - Teleport Other                 Translocation                3
   f - Passage of Golubria            Translocation                4
Comestibles
 f - 2 bread rations

Dungeon Overview and Level Annotations

Branches:
Dungeon (1/15)

Altars:

...▒▒▒▒▒▒▒▒▒▒▒▒▒▒▒▒▒▒▒▒▒
(....wS♣..............>▒
(...▒▒▒▒▒▒▒▒▒▒▒▒▒▒▒▒▒▒.▒ . ▒..
▒.. ▒▒▒▒▒ ▒.. .. ▒▒▒▒...▒▒▒▒ ▒..
... ▒▒▒▒▒▒.........▒▒▒▒▒..
...▒▒▒▒▒▒▒▒▒.........<...........
.............▒▒▒▒.........▒▒▒▒...


You could see an adder and a dart slug.


Message History

* * * LOW HITPOINT WARNING * * *
You are more poisoned.
The adder poisons you! The adder bites you.
* * * LOW HITPOINT WARNING * * *
You are more poisoned.
The adder poisons you!
You hit the adder.
The adder is heavily wounded.
* * * LOW HITPOINT WARNING * * *
You feel sick. The adder barely misses you.
You closely miss the adder.
The adder is heavily wounded.
* * * LOW HITPOINT WARNING * * *
You feel sick.
The adder bites you but does no damage. x2
You barely miss the adder.
The adder is heavily wounded.
* * * LOW HITPOINT WARNING * * *
You feel sick. The adder bites you but does no damage.
You miss the adder.
The adder is heavily wounded.
* * * LOW HITPOINT WARNING * * *
You feel sick.
The adder bites you but does no damage. x2
You barely miss the adder.
The adder is heavily wounded.
* * * LOW HITPOINT WARNING * * *
You feel sick. The adder bites you.
* * * LOW HITPOINT WARNING * * *
You closely miss the adder.
The adder is moderately wounded.
You die...

Action                   || total
-------------------------++-------
Melee: Hand axe          ||    74
Throw: Stone             ||     3
 Cast: Blink             ||     2
       Shroud of Golubri ||     1
  Use: Potion            ||     1
Armor: Leather armour    ||    21
       Skin              ||     6
Dodge: Dodged            ||    29

Vault maps used:
D:1:      dpeg_arrival_rhombus, lemuel_flame_loot_1

Notes
Turn   | Place    | Note
-------+----------+-------------------------------------------
     0 | D:1      | cedor the Hill Orc Warper began the quest for the Orb.
     0 | D:1      | Reached XP level 1. HP: 18/18 MP: 3/3
    26 | D:1      | Reached XP level 2. HP: 24/25 MP: 4/4
   258 | D:1      | Learned a level 2 spell: Blink
   261 | D:1      | Learned a level 2 spell: Shroud of Golubria
   352 | D:1      | Reached skill level 3 in Axes
   630 | D:1      | Reached skill level 3 in Fighting
   933 | D:1      | HP: 2/39 [adder (2)]
   934 | D:1      | Succumbed to an adder's poison

Vanquished Creatures
  A dart slug (D:1)
  A leopard gecko (D:1)
  A bat (D:1)
  4 goblins (D:1)
  2 hobgoblins (D:1)
  4 kobolds (D:1)
  A frilled lizard (D:1)
  3 rats (D:1)
17 creatures vanquished.

Vanquished Creatures (others)
  A goblin (D:1)
  A frilled lizard (D:1)
2 creatures vanquished.

Grand Total: 19 creatures vanquished
